 Dungeon Crawl Stone Soup version 0.28-a0-577-gb193047a1f (webtiles) character file.

Game seed: 8897332567864370391

112 iamoutofideas the Chopper (level 4, -8/40 HPs)
             Began as a Hill Orc Fighter on Oct 2, 2021.
             Mangled by an ogre (21 damage)
             ... on level 4 of the Dungeon.
             The game lasted 00:02:30 (3129 turns).

iamoutofideas the Chopper (Hill Orc Fighter)        Turns: 3129, Time: 00:02:31

Health: -8/40      AC:  9    Str: 19    XL:     4   Next: 95%
Magic:  0/4        EV:  9    Int:  8    God:
Gold:   96         SH:  0    Dex: 10    Spells: 3/3 levels left

rFire   . . .      SeeInvis .   a - +0 war axe
rCold   . . .      Faith    .   (no shield)
rNeg    . . .      Spirit   +   b - +0 scale mail
rPois   .          Reflect  .   (no helmet)
rElec   .          Harm     .   h - +1 cloak
rCorr   +          Rampage  .   (no gloves)
Will    +....                   (no boots)
Stlth   ..........              s - amulet of guardian spirit
HPRegen 0.13/turn               f - ring of willpower
MPRegen 0.09/turn               k - ring of resist corrosion

@: no status effects
A: no striking features
a: no special abilities


You were on level 4 of the Dungeon.
You visited 1 branch of the dungeon, and saw 4 of its levels.

You collected 96 gold pieces.

Inventory:

Hand Weapons
 a - a +0 war axe (weapon)
Armour
 b - a +0 scale mail (worn)
 c - a +0 buckler
 h - a +1 cloak (worn)
Jewellery
 f - a ring of willpower (left hand)
 k - a ring of resist corrosion (right hand)
 s - an amulet of guardian spirit (around neck)
 u - a ring of see invisible
Wands
 v - a wand of flame (16)
Scrolls
 g - 3 scrolls of identify {unknown}
 i - a scroll of teleportation
 j - a scroll of blinking {unknown}
 l - a scroll of immolation {unknown}
 m - a scroll of holy word {unknown}
 n - a scroll of torment {unknown}
 t - a scroll of magic mapping {unknown}
Potions
 d - a potion of might
 e - a potion of invisibility {unknown}
 o - a potion of curing {unknown}
 p - 2 potions of resistance {unknown}
 q - 2 potions of mutation {unknown}
 r - 2 potions of lignification {unknown}
 w - a potion of ambrosia {unknown}


   Skills:
 - Level 4.3 Fighting
 + Level 4.7 Axes
 - Level 4.0 Armour
 - Level 0.8 Dodging
 - Level 0.1 Stealth
 - Level 3.5 Shields


You had 3 spell levels left.
You didn't know any spells.
Your spell library was empty.

Dungeon Overview and Level Annotations

Branches:
Dungeon (4/15)
 Temple: D:4-7

Altars:

Shops:
D:2 *

Annotations:
D:3 exclusion: downstairs


Message History

You barely miss the hound skeleton.
The hound skeleton is heavily damaged.
The hound skeleton barely misses you. x2
A hound skeleton is nearby!
You slash the hound skeleton!
The hound skeleton is almost destroyed.
The hound skeleton bites you but does no damage.
You hit the hound skeleton but do no damage.
The hound skeleton is almost destroyed.
The hound skeleton bites you. x2
You barely miss the hound skeleton.
The hound skeleton is almost destroyed.
The hound skeleton bites you but does no damage.
The hound skeleton bites you.
You hit the hound skeleton.
You destroy the hound skeleton!
Magic restored.
p - 2 blue potions (gained 1)
w - a grey potion No target in view!
You see here a +0 short sword.
The ogre shouts! x2
There are monsters nearby!
Found a book of Lightning.
There are monsters nearby!
There are monsters nearby!
An iguana comes into view.
The iguana hisses angrily.
The ogre hits you with a +0 giant spiked club!!
Ouch! That really hurt!
* * * LOW HITPOINT WARNING * * *
The ogre completely misses you.
You see here a +0 short sword.
You see here the +5 dagger "Roosophu" {freeze, rF+ Stlth+}.
The iguana bites you but does no damage.
There is an escape hatch in the ceiling here.
The iguana barely misses you.
The ogre hits you with a +0 giant spiked club!!
Ouch! That really hurt!
You die...

..:.........##O##
.............#..####
.............).....#
..............#####....#
.....[.......## #..#
.............# ..
...)...O.....#
.##......lO....#
........@.....#
.....#########
.#####...# .........##
..........####
.............####
.....$..........###
...............O<.#
...............O###


You could see 2 ogres and an iguana.

Vanquished Creatures
  A hound skeleton (D:4)
  4 adders
  A worm (D:2)
  A dart slug (D:1)
  8 bats
  7 endoplasms
  A giant cockroach (D:1)
  5 goblins
  2 hobgoblins
  3 jackals (D:4)
  2 quokkas
  5 ball pythons (D:2)
  4 frilled lizards
  6 kobolds
  10 rats
60 creatures vanquished.

Notes
Turn   | Place    | Note
-------+----------+-------------------------------------------
     0 | D:1      | iamoutofideas the Hill Orc Fighter began the quest for the
                  | Orb.
     0 | D:1      | Reached XP level 1. HP: 19/19 MP: 1/1
   390 | D:1      | Reached XP level 2. HP: 27/27 MP: 2/2
  1018 | D:1      | Reached XP level 3. HP: 28/33 MP: 3/3
  1376 | D:2      | Found a faded altar of an unknown god.
  1761 | D:2      | Reached XP level 4. HP: 40/40 MP: 4/4
  2112 | D:2      | Found Zanaqakk's General Store.
  2750 | D:4      | Noticed an ogre
  2752 | D:4      | Noticed an ogre
  3034 | D:4      | Identified the +5 dagger "Roosophu" {freeze, rF+ Stlth+}
  3129 | D:4      | Mangled by an ogre

Illustrated notes

Levels and vault maps discovered:
D:1:      dpeg_arrival_ratfight, layout_basic
D:2:      minmay_skewed_foursquare, layout_basic, serial_shops, shop_statue,
          chequers_ecumenical_altar_simple_redux
D:3:      layout_loops_cross
D:4:      layout_cave_pods

Skill      XL: |  1  2  3  4 |
---------------+-------------+-----
Fighting       | 4 |  4.3
Axes           | 3 4 |  4.7
Armour         | 4 |  4.0
Dodging        | |  0.8
Stealth        | |  0.1
Shields        | |  3.5

Action                   |  1- 3 |  4- 6 || total
-------------------------+-------+-------++-------
Melee: War axe           |    95 |    62 ||   157
  Use: Scroll            |       |     2 ||     2
Armor: Scale mail        |    45 |    41 ||    86
Dodge: Dodged            |    46 |    43 ||    89
Block: Buckler           |     5 |       ||     5

Table legend: (Time is in decaauts)
 A = Elapsed time spent in this place.
 B = Non-inter-level travel time spent in this place.
 C = Inter-level travel time spent in this place.
 D = Time resting spent in this place.
 E = Time spent auto-exploring this place.
 F = Levels seen in this place.
 G = Mean time per level.
                   A        B        C        D        E       F      G
               +--------+--------+--------+--------+--------+-----+--------+
         Total |   3178 |   3069 |    109 |    194 |   2419 |   4 |  794.5 |
       Dungeon |   3178 |   3069 |    109 |    194 |   2419 |   4 |  794.5 |
               +--------+--------+--------+--------+--------+-----+--------+

Top non-repeatable levels by time:
     D:1: 1122 daAuts
     D:2: 1079 daAuts
     D:3: 784 daAuts
     D:4: 192 daAuts
